 Dungeon Crawl Stone Soup version 0.29.0-4-gdea44cf6ec (webtiles) character file.

Game seed: 12691923151853474366

147 qw the Ruffian (level 5, -2/50 HPs)
             Began as a Troll Cinder Acolyte on Aug 31, 2022.
             Was a High Priest of Ignis.
             Slain by a kobold brigand
             ... wielding a +0 short sword
              (4 damage)
             ... on level 3 of the Dungeon.
             The game lasted 00:00:53 (1971 turns).

qw the Ruffian (Troll Cinder Acolyte)               Turns: 1971, Time: 00:00:54

Health: -2/50      AC: 11    Str: 24      XL:     5   Next: 8%
Magic:  5/5        EV:  9    Int:  8 (10) God:    Ignis [*****.]
Gold:   126        SH:  0    Dex:  5      Spells: 6/6 levels left

rFire   + . .      SeeInvis .     - Unarmed
rCold   . . .      Faith    .   (no shield)
rNeg    . . .      Spirit   .   a - +0 robe
rPois   .          Reflect  .   (helmet restricted)
rElec   .          Harm     .   (no cloak)
rCorr   .          Rampage  .   (gloves unavailable)
Will    .....                   (boots unavailable)
Stlth   +.........              (no amulet)
HPRegen 0.96/turn               (no ring)
MPRegen 0.09/turn               (no ring)

@: fiery-armoured
A: large, unfitting armour, claws 3, regeneration 1, shaggy fur 1, tough skin 1
a: Renounce Religion, Fiery Armour, Foxfire Swarm, Rising Flame


You were on level 3 of the Dungeon.
You worshipped Ignis.
Ignis was extremely pleased with you.
You visited 1 branch of the dungeon, and saw 3 of its levels.

You collected 126 gold pieces.


Innate Abilities, Weirdness & Mutations

You are too large for most types of armour.
You have claws for hands.
Your natural rate of healing is unusually fast.
You are covered in fur. (AC +1)
You have tough skin. (AC +1)


   Skills:
 - Level 2.4 Fighting
 + Level 5.8 Unarmed Combat
 - Level 1.0 Spellcasting
 - Level 2.1 Fire Magic


You had 6 spell levels left.
You didn't know any spells.
Your spell library contained the following spells:

 Spells                   Type           Power      Damage    Failure   Level
 Scorch                   Fire           6%         2d5       24%         2

Inventory:

Missiles
 d - 5 boomerangs (quivered)
Armour
 a - a +0 robe (worn)
Jewellery
 c - the amulet "Eseizu" {Reflect Fly rPois Will+ SH+5 SInv}
   (You found it on level 3 of the Dungeon)

   [amulet of reflection]

   It reflects blocked missile attacks.
   rPois:     It protects you from poison.
   SInv:      It lets you see invisible.
   Fly:       It grants you flight.
   SH:        It affects your SH (+5).
   Will:      It increases your willpower.
Scrolls
 b - 2 scrolls of identify
Potions
 h - 2 potions of curing {unknown}
 i - 2 potions of haste {unknown}

Dungeon Overview and Level Annotations

Branches:
Dungeon (3/15)

Altars:


Message History

You barely miss the kobold brigand.
The kobold brigand is lightly wounded.
The orc hits you from afar with a +0 trident.
The kobold brigand hits you with a +0 short sword!
The kobold brigand is burned by your cloak of flames.
The kobold brigand is lightly wounded.
You closely miss the kobold brigand.
The kobold brigand is lightly wounded.
The kobold brigand hits you with a +0 short sword.
The orc hits you from afar with a +0 trident.
You completely miss the kobold brigand.
The kobold brigand is lightly wounded.
The orc barely misses you.
The kobold brigand hits you but does no damage.
The kobold brigand is burned by your cloak of flames.
The kobold brigand is moderately wounded.
You closely miss the kobold brigand. You claw the kobold brigand!!
The kobold brigand is almost dead.
The kobold brigand barely misses you. The orc hits you but does no damage.
You barely miss the kobold brigand.
The kobold brigand is almost dead.
The orc closely misses you.
The kobold brigand hits you with a +0 short sword.
The kobold brigand is burned by your cloak of flames.
The kobold brigand is almost dead.
You completely miss the kobold brigand.
The kobold brigand is almost dead.
You closely miss the kobold brigand.
The kobold brigand is almost dead.
The orc closely misses you. The kobold brigand closely misses you.
You closely miss the kobold brigand.
The kobold brigand is almost dead.
The orc hits you from afar with a +0 trident.
The kobold brigand hits you with a +0 short sword.
The kobold brigand is burned by your cloak of flames.
You kill the kobold brigand!
You feel your dexterity returning.
You have reached level 5!
The kobold brigand hits you with a +0 short sword.
You die...

#.#...##+#$$?#+##...####
#...### #...# ###....#
#..##.# #...# #.##...###
#..).[# #...# #).'.....#.
##.##.# #)..# #.##.......
#..### #...# ###......##
##...####.).####......###
###....##o##....##...#
##....@K...#########
#.#######.# #.# #.# #.#
#.# #.# #.#########
##.#######.##......#
...........#.####.# #
#.###..........##.####
#.#.#####....#.#........


You could see a kobold brigand and an orc.

Vanquished Creatures
  A kobold brigand (D:3)
  An adder (D:2)
  A worm (D:2)
  3 dart slugs
  An orc (D:3)
  2 bats
  2 endoplasms (D:2)
  2 giant cockroaches
  5 goblins
  6 hobgoblins
  9 jackals
  6 kobolds
  2 quokkas (D:1)
  6 ball pythons
  3 frilled lizards
  2 rats (D:2)
52 creatures vanquished.

Notes
Turn   | Place    | Note
-------+----------+-------------------------------------------
     0 | D:1      | qw the Troll Cinder Acolyte began the quest for the Orb.
     0 | D:1      | Reached XP level 1. HP: 22/22 MP: 1/1
     0 | D:1      | Noticed a troll
     0 | D:1      | 0 ||| qw: Version: 0.1-a-97-g2dd2ca4
     0 | D:1      | 0 ||| qw: Game counter: 4681
     0 | D:1      | 0 ||| qw: Always use a shield: true
     0 | D:1      | 0 ||| qw: God list: Okawaru
     0 | D:1      | 0 ||| qw: Allow faded altars: false
     0 | D:1      | 0 ||| qw: Do Orc after D:15 true
     0 | D:1      | 0 ||| qw: Do second Lair branch before Depths: true
     0 | D:1      | 0 ||| qw: Lair rune preference: random
     0 | D:1      | 0 ||| qw: Plans: Normal
     0 | D:1      | 0 ||| PLANNING D:1-11
     3 | D:1      | Noticed a formicid
     7 | D:1      | Noticed a human
    11 | D:1      | Noticed an octopode
    17 | D:1      | Noticed an octopode
    17 | D:1      | Noticed an elf
    19 | D:1      | Noticed a minotaur zombie
    21 | D:1      | Noticed a spriggan
    38 | D:1      | 38 ||| Stepping ~*~*~tactically~*~*~ (stealth).
    45 | D:1      | 45 ||| INVOKING Fiery Armour.
    46 | D:1      | 46 ||| Stepping ~*~*~tactically~*~*~ (outnumbered).
    47 | D:1      | 47 ||| Stepping ~*~*~tactically~*~*~ (outnumbered).
    53 | D:1      | Reached XP level 2. HP: 29/29 MP: 2/2
   227 | D:1      | 227 ||| Stepping ~*~*~tactically~*~*~ (stealth).
   230 | D:1      | 230 ||| Stepping ~*~*~tactically~*~*~ (stealth).
   238 | D:1      | Reached skill level 4 in Unarmed Combat
   390 | D:1      | Reached XP level 3. HP: 36/36 MP: 3/3
   780 | D:1      | 780 ||| READING scroll labelled CARRAYGR FYSI.
   781 | D:1      | 781 ||| READING scroll labelled XYAHEMNABE.
   782 | D:1      | 782 ||| READING 2 scrolls labelled LOLARY OROICUMM.
   783 | D:1      | 783 ||| DRINKING 2 smoky black potions.
   784 | D:1      | 784 ||| DRINKING 2 fizzy brown potions.
   785 | D:1      | 785 ||| DROPPING potion of degeneration.
   786 | D:1      | 786 ||| DROPPING potion of magic.
   790 | D:2      | 790 ||| STAIRDANCE
   835 | D:2      | 835 ||| Stepping ~*~*~tactically~*~*~ (stealth).
   836 | D:2      | 836 ||| Stepping ~*~*~tactically~*~*~ (stealth).
   841 | D:2      | 841 ||| Stepping ~*~*~tactically~*~*~ (stealth).
   842 | D:2      | 842 ||| Stepping ~*~*~tactically~*~*~ (stealth).
   843 | D:2      | 843 ||| Stepping ~*~*~tactically~*~*~ (stealth).
   844 | D:2      | 844 ||| Stepping ~*~*~tactically~*~*~ (stealth).
   845 | D:2      | 845 ||| Stepping ~*~*~tactically~*~*~ (stealth).
   851 | D:2      | 851 ||| Stepping ~*~*~tactically~*~*~ (outnumbered).
  1419 | D:2      | Found a faded altar of an unknown god.
  1533 | D:2      | Reached XP level 4. HP: 44/44 MP: 4/4
  1547 | D:2      | 1547 ||| READING scroll labelled UKAWUB VIVOCI.
  1548 | D:2      | 1548 ||| READING scroll labelled TOHUDU LUHUMOU.
  1549 | D:2      | 1549 ||| READING scroll labelled ZEZEBO VEADYN.
  1550 | D:2      | 1550 ||| READING scroll labelled ENGEST HIRE.
  1551 | D:2      | 1551 ||| READING scroll labelled YTIBUO ZUXTIO.
  1552 | D:2      | 1552 ||| READING 3 scrolls of identify.
  1552 | D:2      | 1552 ||| IDENTIFYING smoky sapphire potion
  1553 | D:2      | 1553 ||| READING 2 scrolls of identify.
  1553 | D:2      | 1553 ||| IDENTIFYING ruby potion
  1554 | D:2      | 1554 ||| DROPPING potion of berserk rage.
  1555 | D:2      | 1555 ||| DROPPING potion of brilliance.
  1556 | D:2      | 1556 ||| Stepping randomly (stuck).
  1557 | D:2      | 1557 ||| Stepping ~*~*~tactically~*~*~ (cloud).
  1681 | D:3      | Identified the amulet "Eseizu" {Reflect Fly rPois Will+
                  | SH+5 SInv}
  1790 | D:3      | Reached skill level 5 in Unarmed Combat
  1924 | D:3      | 1924 ||| Stepping ~*~*~tactically~*~*~ (stealth).
  1950 | D:3      | Noticed a kobold brigand
  1950 | D:3      | Noticed a kobold brigand
  1956 | D:3      | 1956 ||| Stepping ~*~*~tactically~*~*~ (outnumbered).
  1957 | D:3      | 1957 ||| Stepping ~*~*~tactically~*~*~ (outnumbered).
  1960 | D:3      | 1960 ||| Stepping ~*~*~tactically~*~*~ (outnumbered).
  1962 | D:3      | 1962 ||| INVOKING Fiery Armour.
  1963 | D:3      | HP: 9/44 [kobold brigand/+0 short sword (7)]
  1967 | D:3      | HP: 2/44 [kobold brigand/+0 short sword (5)]
  1970 | D:3      | Killed a kobold brigand
  1971 | D:3      | Reached XP level 5. HP: 1/50 MP: 5/5
  1971 | D:3      | Slain by a kobold brigand

Levels and vault maps discovered:
D:1:      shiori_arrival_whats_in_store_for_you, layout_loops_ring,
          minmay_split_cup_small
D:2:      layout_loops_ring, ebering_ecumenical_altar_rust
D:3:      layout_loops_corners, minmay_divided_ellipse

Skill      XL: |  1  2  3  4 |
---------------+-------------+-----
Unarmed Combat | 4 5 |  5.8
Fighting       | |  2.4
Spellcasting   | |  1.0
Fire Magic     | |  2.1

Action                   |  1- 3 |  4- 6 || total
-------------------------+-------+-------++-------
Melee: Unarmed           |    81 |    27 ||   108
       Punch             |       |     2 ||     2
Invok: Fiery Armour      |     1 |     1 ||     2
  Use: Scroll            |     3 |     7 ||    10
       Potion            |     2 |       ||     2
Armor: Robe              |    27 |     7 ||    34
Dodge: Dodged            |    31 |    12 ||    43

Table legend:
 A = Non-vault XP
 B = Vault XP
 C = Vault XP percentage of total XP
 D = Non-vault monster count
 E = Vault monster count
 F = Vault count percentage of total count
                 A         B        C        D         E       F
            +---------+---------+-------+---------+---------+-------
      Total |      95 |     116 |  55.0 |      42 |      10 |  19.2
            +---------+---------+-------+---------+---------+-------
        D:1 |      46 |       5 |   9.8 |      23 |       3 |  11.5
        D:2 |      49 |       0 |   0.0 |      19 |       0 |   0.0
        D:3 |       0 |     111 | 100.0 |       0 |       7 | 100.0
            +---------+---------+-------+---------+---------+-------
